 Dungeon Crawl Stone Soup version 0.30-a0-930-gb9d0489357 (webtiles) character file.

Game seed: 3655119246595799353

49 lunkers the Slasher (level 4, -1/36 HPs)
             Began as a Meteoran Reaver on Mar 23, 2023.
             Slain by an orc
             ... wielding a +0 club
              (4 damage)
             ... on level 2 of the Dungeon.
             The game lasted 00:02:00 (1008 turns).

lunkers the Slasher (Meteoran Reaver)               Turns: 1008, Time: 00:02:01

Health: -1/36      AC:  3    Str: 14    XL:     4   Next: 22%
Magic:  9/9        EV: 11    Int: 14    God:
Gold:   88         SH:  3    Dex: 14    Spells: 7/8 levels left

rFire   . . .      SeeInvis .    a - +0 falchion
rCold   . . .      Faith    .    c - +0 buckler
rNeg    . . .      Spirit   .    b - +0 leather armour
rPois   .          Reflect  .    (no helmet)
rElec   .          Rampage  .    (no cloak)
rCorr   .                        (no gloves)
Will    .....                    (no boots)
Stlth   +                        (no amulet)
HPRegen 0.26/turn                (no ring)
MPRegen 0.11/turn                (no ring)

@: glowing
A: sense surroundings 1, otherworldly, glowing, explore regen
a: no special abilities


You were on level 2 of the Dungeon.
You visited 1 branch of the dungeon, and saw 3 of its levels.

You collected 88 gold pieces.

Inventory:

Hand Weapons
 a - a +0 falchion (weapon)
Armour
 b - a +0 leather armour (worn)
 c - a +0 buckler (worn)
 k - the +1 chain mail of Summer {rPois rN+}
   (You found it on level 2 of the Dungeon)

   rPois:     It protects you from poison.
   rN:        It protects you from negative energy.
Scrolls
 e - a scroll of magic mapping {unknown}
 f - 2 scrolls of fog {unknown}
 g - a scroll of teleportation {unknown}
 j - a scroll of torment {unknown}
Potions
 d - 2 potions of lignification {unknown}
 h - a potion of haste {unknown}
 i - a potion of cancellation {unknown}
 l - a potion of mutation {unknown}
 m - a potion of curing {unknown}


   Skills:
 - Level 2.1 Fighting
 + Level 5.6 Long Blades
 - Level 2.4 Dodging
 - Level 2.6 Spellcasting
 - Level 3.6 Conjurations


You had 7 spell levels left.
You knew the following spells:

 Your Spells              Type           Power      Damage    Failure   Level
p - Kiss of Death         Conj/Necr      24%        2d7       19%         1

Your spell library contained the following spells:

 Spells                   Type           Power      Damage    Failure   Level
 Momentum Strike          Conj/Tloc      12%        3d8       28%         2
 Hailstorm                Conj/Ice       6%         3d4       50%         3


Dungeon Overview and Level Annotations

Branches:
Dungeon (3/15) Zot: 776

Altars:


Innate Abilities, Weirdness & Mutations

You passively map a small area around you.
You are easily found by Zot.
You glow in the dark.
You regain HP and MP as you explore.


Message History

You block the jackal's attack.
You barely miss the orc. The jackal closely misses you.
The jackal bites you but does no damage.
The orc hits you with a +0 club.
You slash the orc!
You kill the orc!
The jackal bites you but does no damage. x2
The jackal bites you. The jackal closely misses you.
You closely miss the orc priest.
The jackal bites you but does no damage. x2
The orc priest closely misses you. The orc hits you with a +0 club.
The orc priest attacks as you move away!
You block the orc priest's attack. The jackal attacks as you move away!
The jackal bites you. The jackal completely misses you.
The jackal bites you but does no damage.
The orc priest casts a cantrip, but nothing happens.
The orc attacks as you move away! The orc hits you with a +0 club.
There is a stone staircase leading up here.
The jackal bites you. The jackal misses you. The jackal bites you.
You block the jackal's attack.
The orc priest mumbles some strange prayers to Beogh against you.
Beogh smites you!
* * * LOW HITPOINT WARNING * * *
The orc hits you with a +0 club.
* * * LOW HITPOINT WARNING * * *
You climb upwards.
There is a stone staircase leading down here.
Unknown command.
You barely miss the jackal. The jackal bites you.
* * * LOW HITPOINT WARNING * * *
The orc completely misses you.
You hit the jackal.
The jackal is heavily wounded.
The jackal bites you but does no damage.
The orc closely misses you.
The jackal bites you but does no damage.
You closely miss the jackal.
The jackal is heavily wounded.
The jackal barely misses you. The orc hits you with a +0 club.
You die...

#......# ##.......## ##.###.#
#..#...####.........####...##.##
#.........+.........'...........
##......####.........####...#####
#.#.#..## ##.......## ##.##
#.#.#.## ##.....## #.# #.#.#.#
##...## #.# ##...## ##h## #.#
##.## #@# #.# #.# #o#########.#
#.# ##########h.......##.# #.#
#...........#####.##.#
##.###.######.....####.##.#
#...##.######.(..##.......#
#...................##.####
#...##.######.#.######.# ######.#
#.#.# #.#


You could see an orc and 2 jackals.

Vanquished Creatures
  An adder (D:2)
  A worm (D:2)
  An orc (D:3)
  6 bats
  5 endoplasms (D:1)
  3 giant cockroaches (D:1)
  3 goblins
  2 hobgoblins (D:1)
  A kobold (D:2)
  4 quokkas
  A frilled lizard (D:2)
  3 rats (D:2)
31 creatures vanquished.

Notes
Turn   | Place    | Note
-------+----------+-------------------------------------------
     0 | D:1      | lunkers the Meteoran Reaver began the quest for the Orb.
     0 | D:1      | Reached XP level 1. HP: 17/17 MP: 5/5
    63 | D:1      | Reached skill level 4 in Long Blades
    78 | D:1      | Reached XP level 2. HP: 22/24 MP: 6/6
   243 | D:1      | Reached XP level 3. HP: 29/29 MP: 8/8
   567 | D:2      | Reached skill level 5 in Long Blades
   785 | D:2      | Reached XP level 4. HP: 36/36 MP: 9/9
   858 | D:2      | Identified the +1 chain mail of Summer {rPois rN+}
  1008 | D:2      | Slain by an orc

Illustrated notes

Levels and vault maps discovered:
D:1:      scummos_arrival_simple_fountains, layout_basic
D:2:      layout_loops_corners, moated_statue
D:3:      layout_basic, grunt_temple_overflow_open,
          mainiacjoe_overflow_six_doors_small, minmay_misc_feat_rugged

Skill      XL: |  1  2  3 |
---------------+----------+-----
Long Blades    | 4 5 |  5.6
Fighting       | |  2.1
Dodging        | |  2.4
Spellcasting   | |  2.6
Conjurations   | |  3.6

Action                     |  1- 3 |  4- 6 || total
---------------------------+-------+-------++-------
  Melee: Falchion          |   116 |    25 ||   141
 Armour: Leather armour    |    57 |    13 ||    70
  Dodge: Dodged            |    70 |    15 ||    85
  Block: Buckler           |    19 |     4 ||    23

Table legend: (Time is in decaauts)
 A = Elapsed time spent in this place.
 B = Non-inter-level travel time spent in this place.
 C = Inter-level travel time spent in this place.
 D = Time resting spent in this place.
 E = Time spent auto-exploring this place.
 F = Levels seen in this place.
 G = Mean time per level.
                   A        B        C        D        E       F      G
               +--------+--------+--------+--------+--------+-----+--------+
         Total |   1022 |    994 |     28 |      0 |    673 |   3 |  340.7 |
       Dungeon |   1022 |    994 |     28 |      0 |    673 |   3 |  340.7 |
               +--------+--------+--------+--------+--------+-----+--------+

Top non-repeatable levels by time:
     D:2: 546 daAuts
     D:1: 464 daAuts
     D:3: 10 daAuts
